 Seeded DCSS version 0.29-a0-1023-g6ae1a4a2c7 (webtiles) character file.

Game seed: 6155037152212704371 (custom seed)

2293 mathmaestro the Scholar of Death (level 9, -4/49 (68) HPs)
             Began as a Demonspawn Necromancer on Aug 11, 2022.
             Was a Follower of Kikubaaqudgha.
             Slain by a wight
             ... wielding a +0 flail
              (5 damage)
             ... on level 6 of the Dungeon.
             The game lasted 00:13:06 (6601 turns).

mathmaestro the Scholar of Death (DsNe)             Turns: 6601, Time: 00:13:07

HP:   -4/49 (68)    AC:  7    Str:  9    XL:     9   Next: 17%
MP:   0/16          EV: 11    Int: 20    God:    Kikubaaqudgha [*.....]
Gold: 227           SH:  5    Dex: 14    Spells: 6/18 levels left

rFire   . . .      SeeInvis .   G - +8 dagger of Yqimeser {freeze, Stlth+}
rCold   . . .      Faith    .   d - +0 buckler
rNeg    . . .      Spirit   +   y - +0 leather armour
rPois   .          Reflect  .   (no helmet)
rElec   .          Harm     .   g - +0 cloak
rCorr   .          Rampage  .   C - +0 pair of gloves
Will    .....                   v - +0 pair of boots
Stlth   +++.......              (no amulet)
HPRegen 0.16/turn               (no ring)
MPRegen 0.30/turn               (no ring)

@: very heavily drained
A: magic shield, magic regeneration, sturdy frame 1, weakness stinger 1
a: Renounce Religion, Unearth Wretches


You were on level 6 of the Dungeon.
You worshipped Kikubaaqudgha.
Kikubaaqudgha was aware of your devotion.
You visited 2 branches of the dungeon, and saw 8 of its levels.

You collected 263 gold pieces.
You spent 36 gold pieces at shops.

Inventory:

Hand Weapons
 c - the +12 quarterstaff of Askesosit {venom, rPois rF+ Dex-2}
   (You found it on level 5 of the Dungeon)

   It poisons the flesh of those it strikes.
   Dex:       It affects your dexterity (-2).
   rF:        It protects you from fire.
   rPois:     It protects you from poison.
 i - a +0 hand axe
 s - a +0 dagger of distortion
 G - the +8 dagger of Yqimeser (weapon) {freeze, Stlth+}
   (You found it on level 6 of the Dungeon)

   It freezes those it strikes, dealing additional cold damage.
   It can also slow down cold-blooded creatures.
   Stlth:     It makes you more stealthy.
Missiles
 z - 5 boomerangs
 A - 2 silver boomerangs
Armour
 d - a +0 buckler (worn)
 g - a +0 cloak (worn)
 v - a +0 pair of boots (worn)
 y - a +0 leather armour (worn)
 C - a +0 pair of gloves (worn)
Wands
 B - a wand of mindburst (15)
Scrolls
 e - a scroll of teleportation {unknown}
 f - a scroll of vulnerability {unknown}
 k - a scroll of poison {unknown}
 l - a scroll of fear {unknown}
 m - 2 scrolls of magic mapping {unknown}
 n - a scroll of identify {unknown}
 p - 2 scrolls of amnesia {unknown}
 q - 2 scrolls of silence {unknown}
 w - a scroll of butterflies {unknown}
 x - a scroll of enchant weapon {unknown}
Potions
 a - a potion of mutation {unknown}
 b - 2 potions of magic
 h - 2 potions of degeneration {unknown}
 j - a potion of attraction {unknown}
 o - 3 potions of haste {unknown}
 r - a potion of brilliance {unknown}
 t - a potion of curing
 u - a potion of berserk rage {unknown}
 D - a potion of might {unknown}
 E - a potion of resistance {unknown}


   Skills:
 + Level 5.1 Fighting
 + Level 4.5 Armour
 - Level 2.0 Dodging
 - Level 2.0 Stealth
 + Level 2.9 Shields
 + Level 5.2 Spellcasting
 + Level 1.8 Hexes
 + Level 7.3 Necromancy
 + Level 3.9 Evocations


You had 6 spell levels left.
You knew the following spells:

 Your Spells              Type           Power      Damage    Failure   Level
a - Necrotise             Necr           100%       1d9       1%          1
b - Vampiric Draining     Necr           34%        2d8       2%          3
c - Animate Dead          Necr           34%        N/A       8%          4
d - Anguish               Hex/Necr       11%        N/A       24%         4

Your spell library contained the following spells:

 Spells                   Type           Power      Damage    Failure   Level
 Magic Dart               Conj           20%        1d4       16%         1
 Summon Small Mammal      Summ           20%        N/A       16%         1
 Agony                    Necr           34%        N/A       22%         5
 Call Imp                 Summ           5%         N/A       24%         2
 Summon Guardian Golem    Hex/Summ       8%         N/A       32%         3
 Call Canine Familiar     Summ           5%         N/A       43%         3
 Ignite Poison            Fire/Tmut/Pois 5%         N/A       43%         3
 Mephitic Cloud           Conj/Pois/Air  5%         N/A       43%         3
 Freezing Cloud           Conj/Ice/Air   2%         6-21      99%         5


Dungeon Overview and Level Annotations

Branches:
Dungeon (7/15)             Temple (1/1) D:5

Altars:
Ashenzari
Dithmenos
Fedhas
Gozag
Hepliaklqana
Kikubaaqudgha
Makhleb
Nemelex Xobeh
Okawaru
Qazlal
Sif Muna
Trog
Uskayaw
Wu Jian
Xom
Yredelemnul

Shops:
D:3 !   D:4 :


Innate Abilities, Weirdness & Mutations

When hurt, damage is shared between your health and your magic reserves.
You regenerate magic rapidly.
Your movements are slightly less encumbered by armour. (ER -2)
You have a small tail.


Message History

The wight is moderately damaged.
The wight hits you with a +0 flail!
* * * LOW HITPOINT WARNING * * *
You feel drained.
* * * LOW HITPOINT WARNING * * *
You hit the wight but do no damage.
The wight is moderately damaged.
The wight hits you but does no damage.
You barely miss the wight.
You tail-slap the wight, but do no damage.
The wight is moderately damaged.
The wight hits you with a +0 flail.
* * * LOW HITPOINT WARNING * * *
You hit the wight.
Your tail-slap misses the wight.
The wight is heavily damaged.
The wight hits you but does no damage.
You closely miss the wight.
The wight is heavily damaged.
The wight hits you with a +0 flail.
* * * LOW HITPOINT WARNING * * *
You feel drained.
* * * LOW HITPOINT WARNING * * *
You feel better. The wight hits you with a +0 flail!
* * * LOW HITPOINT WARNING * * *
You closely miss the wight.
The wight is heavily damaged.
The wight barely misses you.
You hit the wight.
The wight is almost destroyed.
You block the wight's attack.
You completely miss the wight.
The wight is almost destroyed.
The wight hits you with a +0 flail.
* * * LOW HITPOINT WARNING * * *
You hit the wight but do no damage.
You tail-slap the wight, but do no damage.
The wight is almost destroyed.
The wight hits you with a +0 flail.
You die...
Kikubaaqudgha rasps: "You have failed me!
Welcome... death!"

## ### #.# ### ##.# ### #.# #.#
##.######.### ##.##### ##.
#.###.##...##...# ##.##...# ##
#.##.###.####.#@# #.#####.# #
##....####.#.#.#z###.# #.## #
##...###............## ##.# ##
.#...# #.#.......#...# #.####.
.....###...........[.## ##....#.
#....##..#...>...#....####.......
##...##.......[...#....##..####..
##.......#.......###...#..### ##.
#.................###.......####.


You could see a wight.

Vanquished Creatures
  Sigmund (D:3)
  Edmund (D:6)
  A water moccasin (D:6)
  An ice beast (D:5)
  2 ogres (D:6)
  A black bear (D:5)
  A phantom (D:5)
  A kobold brigand (D:6)
  A bullfrog (D:4)
  A necrophage (D:6)
  7 scorpions
  6 wights (D:6)
  A howler monkey (D:4)
  3 orc priests (D:6)
  A jelly (D:5)
  2 iguanas
  6 orc wizards
  8 adders
  23 orcs
  5 ball pythons
  A bat (D:2)
  3 endoplasms
  A giant cockroach (D:1)
  7 hobgoblins
  5 quokkas
  5 goblins
  12 kobolds
  3 rats
110 creatures vanquished.

Vanquished Creatures (collateral kills)
  2 orc wizards (D:4)
  A dart slug (D:4)
  2 orcs (D:4)
5 creatures vanquished.

Vanquished Creatures (others)
  5 orc zombies (D:6)
  13 plants (D:4)
18 creatures vanquished.

Grand Total: 133 creatures vanquished

Notes
Turn   | Place    | Note
-------+----------+-------------------------------------------
     0 | D:1      | mathmaestro the Demonspawn Necromancer began the quest for
                  | the Orb.
     0 | D:1      | Reached XP level 1. HP: 13/13 MP: 3/3
   680 | D:1      | Gained mutation: You regenerate magic rapidly. [demonic
                  | ancestry]
   680 | D:1      | Reached XP level 2. HP: 20/20 MP: 0/5
  1827 | D:3      | Noticed Sigmund
  1862 | D:3      | Reached skill level 1 in Fighting
  1961 | D:3      | Found a faded altar of an unknown god.
  2013 | D:3      | Found Zojekus's Distillery.
  2029 | D:3      | Bought a potion of curing for 36 gold pieces
  2077 | D:3      | Killed Sigmund
  2078 | D:3      | Reached skill level 1 in Armour
  2078 | D:3      | Reached skill level 1 in Shields
  2078 | D:3      | Reached skill level 5 in Necromancy
  2078 | D:3      | Reached XP level 3. HP: 2/27 MP: 7/7
  2078 | D:3      | Gained mutation: Your movements are slightly less
                  | encumbered by armour. (ER -2) [demonic ancestry]
  2078 | D:3      | Reached XP level 4. HP: 3/33 MP: 8/8
  2078 | D:3      | Reached XP level 5. HP: 4/38 MP: 9/9
  2082 | D:3      | Learned a level 3 spell: Vampiric Draining
  2365 | D:3      | Learned a level 4 spell: Animate Dead
  2467 | D:3      | Identified the +0 pair of boots of the Flute {Harm *Corrode
                  | rElec Regen+}
  2715 | D:4      | Gained mutation: When hurt, damage is shared between your
                  | health and your magic reserves. [demonic ancestry]
  2715 | D:4      | Reached XP level 6. HP: 45/45 MP: 10/10
  2742 | D:4      | Found Ytylop's Book Emporium.
  3045 | D:4      | Reached XP level 7. HP: 21/52 MP: 0/12
  3494 | D:5      | Entered Level 5 of the Dungeon
  3524 | D:5      | Identified the +12 quarterstaff of Askesosit {venom, rPois
                  | rF+ Dex-2}
  3754 | D:5      | Reached skill level 1 in Evocations
  3888 | D:5      | Found a staircase to the Ecumenical Temple.
  3912 | D:5      | Reached skill level 6 in Necromancy
  3937 | Temple   | Entered the Ecumenical Temple
  4141 | Temple   | Became a worshipper of Kikubaaqudgha
  4535 | D:6      | Gained mutation: You have a small tail. [demonic ancestry]
  4535 | D:6      | Reached XP level 8. HP: 37/60 MP: 10/14
  4956 | D:6      | Noticed Edmund
  4961 | D:6      | Killed Edmund
  5274 | D:6      | Reached * piety under Kikubaaqudgha
  5274 | D:6      | Received a gift from Kikubaaqudgha
  5280 | D:6      | Learned a level 4 spell: Anguish
  5346 | D:6      | Reached skill level 7 in Necromancy
  5506 | D:6      | Reached skill level 5 in Spellcasting
  5506 | D:6      | Reached skill level 1 in Hexes
  5803 | D:6      | Identified the +8 dagger of Yqimeser {freeze, Stlth+}
  5839 | D:6      | Reached skill level 5 in Fighting
  5839 | D:6      | Reached XP level 9. HP: 62/68 MP: 14/16
  6596 | D:6      | HP: 2/49 [wight/+0 flail (2)]
  6601 | D:6      | Slain by a wight

Illustrated notes

Levels and vault maps discovered:
D:1:      amcnicky_arrival_underground_garden, layout_loops_ring
D:2:      layout_loops_cross
D:3:      minmay_spotlight, layout_basic,
          shapermc_ecumenical_altar_starsandcircs, serial_shops, shop,
          uniq_sigmund
D:4:      layout_basic, serial_shops, shop, serial_bayou_lagoon_a,
          grunt_ministairs_1, minmay_misc_feat_tiny
D:5:      layout_loops_ring, temple_pool_b
D:6:      cheibrodos_thug_alley, layout_layer_cave, serial_rivers,
          chequers_serial_rivers_marsh, chequers_serial_rivers_micro_e,
          chequers_serial_rivers_room_b, chequers_serial_rivers_small_b,
          chequers_serial_rivers_micro_a, amcnicky_mini_rare_corridor_liquid,
          minmay_misc_feat_diagonals, st_stairs_4, uniq_edmund
D:7:      layout_basic, nicolae_ru_the_path_less_chosen, vehumet_altar_wand_db,
          serial_undead, serial_undead_b, serial_undead_b, serial_undead_c,
          serial_undead_b, serial_undead_e, serial_undead_d, serial_undead_a
Temple:   minmay_crystal_spiral_temple

Skill      XL: |  1  2  3  4  5  6  7  8 |
---------------+-------------------------+-----
Stealth        | 2 |  2.0
Dodging        | 2 |  2.0
Fighting       | 2 3 5 |  5.1
Armour         | 1 2 3 4 |  4.5
Shields        | 1 2 |  2.9
Necromancy     | 5 6 7 |  7.3
Spellcasting   | 3 4 5 |  5.2
Evocations     | 2 3 |  3.9
Hexes          | 1 |  1.8

Action                   |  1- 3 |  4- 6 |  7- 9 || total
-------------------------+-------+-------+-------++-------
Melee: Dagger            |    14 |    40 |    49 ||   103
       Short sword       |       |     4 |    13 ||    17
       Quarterstaff      |       |       |   129 ||   129
       Tailslap          |       |       |    13 ||    13
 Cast: Necrotise         |    45 |    41 |     8 ||    94
       Animate Dead      |       |       |     1 ||     1
       Vampiric Draining |       |       |     2 ||     2
  Use: Potion            |       |       |     1 ||     1
 Stab: Distracted        |       |     1 |     1 ||     2
       Sleeping          |       |       |     3 ||     3
Armor: Robe              |     4 |       |       ||     4
       Leather armour    |     2 |    13 |    57 ||    72
Dodge: Dodged            |     6 |    26 |   108 ||   140
Block: Buckler           |       |    10 |     7 ||    17

Table legend: (Time is in decaauts)
 A = Elapsed time spent in this place.
 B = Non-inter-level travel time spent in this place.
 C = Inter-level travel time spent in this place.
 D = Time resting spent in this place.
 E = Time spent auto-exploring this place.
 F = Levels seen in this place.
 G = Mean time per level.
                   A        B        C        D        E       F      G
               +--------+--------+--------+--------+--------+-----+--------+
         Total |   6675 |   6387 |    288 |   1198 |   4079 |   8 |  834.4 |
       Dungeon |   6422 |   6219 |    203 |   1198 |   3928 |   7 |  917.4 |
        Temple |    252 |    167 |     85 |      0 |    151 |   1 |  252.0 |
               +--------+--------+--------+--------+--------+-----+--------+

Top non-repeatable levels by time:
     D:6: 2125 daAuts
     D:3: 964 daAuts
     D:1: 925 daAuts
     D:4: 908 daAuts
     D:5: 770 daAuts
     D:2: 723 daAuts
  Temple: 252 daAuts
     D:7: 4 daAuts
